[Event "Titled Tuesday Blitz June 6 Late 2023"]
[White "MKlose11"]
[Black "Yanchenko, Roman"]
[BlackFideId "4137329"]
[WhiteElo "2542"]
[BlackElo "2491"]
[Result "1/2-1/2"]
[Round "4"]
[TimeControl "180+2"]
[Date "2023.06.07"]
[WhiteClock "0:00:09"]
[BlackClock "0:00:03"]
[Board "47"]

1. e4 e6 2. d4 d5 3. Nc3 Bb4 4. Ne2 Nf6 5. Bg5 h6 6. Bxf6 Qxf6 7. a3 Bxc3+ 8. Nxc3 c6 9. e5 Qe7 10. Bd3 O-O 11. Ne2 b6 12. O-O Ba6 13. Bxa6 Nxa6 14. Qd3 Nb8 15. f4 c5 16. c3 f5 17. exf6 Qxf6 18. Rae1 Nc6 19. Qe3 cxd4 20. Nxd4 Nxd4 21. cxd4 Rfe8 22. Rc1 Rac8 23. g3 Rc4 24. Rxc4 dxc4 25. d5 Qxb2 26. dxe6 c3 27. f5 c2 28. Rc1 Rd8 29. Kg2 Rc8 30. Kh3 Qf6 31. Qe4 Qc3 32. e7 Re8 33. Rxc2 Qf6 34. Rc7 a5 35. Rd7 Kh7 36. g4 b5 37. Kg3 Qc3+ 38. Kh4 Qf6+ 39. Kg3 Kh8 40. h4 Kh7 41. Kf4 g5+ 42. hxg5 hxg5+ 43. Kg3 Kg7 44. Qd5 b4 45. Rd6 Qc3+ 46. Kg2 Qb2+ 47. Kf3 Qc3+ 48. Kg2 Qb2+ 49. Kf1 Qa1+ 50. Kg2 Qb2+ 1/2-1/2


[Site "https://www.chess.com"]

[Event "Titled Tuesday Blitz June 6 Late 2023"]
[White "Horvath, Dominik"]
[Black "WindWhistler11"]
[WhiteFideId "1642561"]
[WhiteElo "2407"]
[BlackElo "2542"]
[Result "1-0"]
[Round "4"]
[TimeControl "180+2"]
[Date "2023.06.07"]
[WhiteClock "0:00:15"]
[BlackClock "0:00:08"]
[Board "48"]

1. e4 e6 2. d4 d5 3. Nd2 Nf6 4. e5 Nfd7 5. Bd3 c5 6. c3 Nc6 7. Ne2 Be7 8. O-O b6 9. a4 Bb7 10. Nf3 Qc7 11. Re1 O-O-O 12. Nf4 Rdg8 13. c4 g5 14. cxd5 gxf4 15. dxc6 Bxc6 16. Be4 Rg4 17. d5 exd5 18. Bf5 Rg7 19. Bxf4 Kb7 20. Bg3 Qd8 21. a5 Nf8 22. axb6 Qxb6 23. b4 cxb4 24. Nd4 Ne6 25. Nxc6 Qxc6 26. Qe2 Rc8 27. Bd3 Nc5 28. Bb5 Qb6 29. Reb1 a5 30. Bf4 Ne4 31. Be3 Nc3 32. Bxb6 Nxe2+ 33. Bxe2 Kxb6 34. Rd1 Rd8 35. Rd3 Rg4 36. Bxg4 Bc5 37. Bf3 d4 38. Bd1 Rd5 39. f4 Kb5 40. Ba4+ Kc4 41. Bb3+ Kxd3 42. Bxd5 Kc2 43. Ra2+ Kc1 44. Bb3 d3+ 45. Kf1 Be3 46. Ba4 Bxf4 47. g3 Bxe5 48. Rf2 Bc3 49. Rxf7 b3 50. Bxb3 Kb2 51. Ba4 Ka3 52. Bd1 d2 53. Rd7 Kb2 54. Ke2 Kc1 55. Rb7 Bb4 56. Rc7+ Kb2 57. Kd3 Ka3 58. Kc2 a4 59. Ra7 Bd6 60. Ra6 Bb4 61. Kd3 Kb2 62. Rxa4 Kc1 63. Rxb4 h5 64. h4 Kxd1 65. Rb1# 1-0


[Site "https://www.chess.com"]

[Event "Titled Tuesday Blitz June 6 Late 2023"]
[White "Nasuta, Grzegorz"]
[Black "Garmendiarov"]
[WhiteFideId "1141686"]
[WhiteElo "2449"]
[BlackElo "2541"]
[Result "1-0"]
[Round "4"]
[TimeControl "180+2"]
[Date "2023.06.07"]
[WhiteClock "0:00:51"]
[BlackClock "0:00:01"]
[Board "49"]

1. e4 c5 2. Nf3 e6 3. g3 Nc6 4. Bg2 g6 5. O-O Bg7 6. c3 Nf6 7. Qe2 d5 8. e5 Nd7 9. d4 O-O 10. h4 h6 11. Be3 b6 12. Rd1 Bb7 13. Nbd2 Rc8 14. a3 Qe7 15. Nf1 cxd4 16. cxd4 Na5 17. N1h2 Nb3 18. Rab1 a5 19. Qb5 a4 20. Qxa4 Na5 21. Rdc1 Nc4 22. Bf4 Ra8 23. Qd1 Rfc8 24. Rc3 b5 25. Qc1 Ndb6 26. Bxh6 Kh7 27. Ng4 Rh8 28. Bg5 Qf8 29. Nf6+ Bxf6 30. Bxf6 Nd7 31. Bxh8 Kxh8 32. Bf1 Kg7 33. Ra1 Ndb6 34. b3 1-0


[Site "https://www.chess.com"]

[Event "Titled Tuesday Blitz June 6 Late 2023"]
[White "Bilan, Danila"]
[Black "Skvortsov, Andrei"]
[WhiteFideId "24161918"]
[BlackFideId "24108600"]
[WhiteElo "2146"]
[BlackElo "2259"]
[Result "1-0"]
[Round "4"]
[TimeControl "180+2"]
[Date "2023.06.07"]
[WhiteClock "0:00:04"]
[BlackClock "0:00:58"]
[Board "50"]

1. d4 g6 2. Nf3 Bg7 3. Bg5 h6 4. Bh4 f5 5. e3 Nf6 6. Bc4 d6 7. Nbd2 e6 8. c3 O-O 9. Qc2 Qe8 10. e4 fxe4 11. Bxf6 exf3 12. Bxg7 fxg2 13. Rg1 Kxg7 14. Rxg2 e5 15. O-O-O Bf5 16. Bd3 Bxd3 17. Qxd3 Nc6 18. Rdg1 Rf6 19. Ne4 Rf4 20. Nxd6 cxd6 21. Rxg6+ Kf7 22. Rg7+ Kf8 23. Qh7 Rf7 24. Rg8+ Ke7 25. Rxe8+ Rxe8 26. Rg7 Rf8 27. Qxh6 exd4 28. cxd4 Nd8 29. h4 Ne6 30. Rxf7+ Rxf7 31. Qe3 d5 32. h5 Rf5 33. h6 Rh5 34. f4 Kf6 35. Qg3 Rxh6 36. Qg8 Rg6 37. Qb8 Rg7 38. Qe5+ Kf7 39. Qxd5 Ke7 40. Qxb7+ Kf6 41. Qe4 Rc7+ 42. Kd2 Rd7 43. Qe5+ Kf7 44. Ke3 Nc7 45. Qf5+ Ke8 46. Kd3 Re7 47. d5 Rd7 48. Kd4 Ke7 49. Qe5+ Kd8 50. d6 Ne8 51. Kc5 Rb7 52. Kc6 Rb6+ 53. Kd5 Rb7 54. Qg5+ Kc8 55. a4 Rxb2 56. Qe7 Rd2+ 57. Kc5 Rc2+ 58. Kb5 Rb2+ 59. Kc4 Nxd6+ 60. Qxd6 Rb6 61. Qxb6 axb6 62. Kb5 Kb7 63. f5 Kc7 64. f6 Kd6 65. Kxb6 1-0


[Site "https://www.chess.com"]

[Event "Titled Tuesday Blitz June 6 Late 2023"]
[White "Khandelwal, Ankush"]
[Black "Daggupati, Balaji"]
[WhiteFideId "413470"]
[BlackFideId "2090759"]
[WhiteElo "2263"]
[BlackElo "2719"]
[Result "0-1"]
[Round "4"]
[TimeControl "180+2"]
[Date "2023.06.07"]
[WhiteClock "0:00:04"]
[BlackClock "0:00:10"]
[Board "51"]

1. e4 c5 2. c3 d5 3. exd5 Qxd5 4. d4 Nc6 5. Nf3 Bg4 6. Be2 e6 7. h3 Bh5 8. c4 Qd8 9. d5 Nb4 10. a3 Na6 11. dxe6 Qxd1+ 12. Bxd1 fxe6 13. Ba4+ Kd8 14. Ng5 Ke7 15. O-O h6 16. Ne4 Kf7 17. Nbc3 Rd8 18. Be3 b6 19. Bf4 Be7 20. Bb5 Nb8 21. Bc7 Rc8 22. Nd6+ Bxd6 23. Bxd6 Nf6 24. Rfe1 Nc6 25. Ne4 Nd4 26. Ba4 Ne2+ 27. Rxe2 Bxe2 28. Nd2 Rhd8 29. Bf4 Bd3 30. Nf3 Be4 31. Ne5+ Kg8 32. Re1 Bf5 33. Nc6 Rd7 34. g4 Be4 35. Ne5 Rb7 36. Bb5 Rf8 37. f3 Bc2 38. Nc6 Nxg4 39. Bd6 Rxf3 40. hxg4 Rd7 41. Ne7+ Rxe7 42. Bxe7 Kf7 43. Bd6 Rd3 44. Be5 Rd2 45. Bc3 Rd3 46. Kf2 Bd1 47. Bc6 Bxg4 48. Be4 Rh3 49. Bg2 Rd3 50. Rf1 Bf5 51. Kg1 Re3 52. Rf2 g5 53. Kh2 Kg6 54. Rd2 g4 55. b4 Rxc3 56. bxc5 bxc5 57. a4 Rxc4 58. Rd7 Rc3 59. Rxa7 g3+ 60. Kg1 Rc1+ 61. Bf1 Bh3 62. Rg7+ Kxg7 63. a5 Rxf1# 0-1


[Site "https://www.chess.com"]

[Event "Titled Tuesday Blitz June 6 Late 2023"]
[White "Vovk, Orest"]
[Black "Pulpan, Jakub"]
[WhiteFideId "14113490"]
[BlackFideId "302759"]
[WhiteElo "2215"]
[BlackElo "2484"]
[Result "0-1"]
[Round "4"]
[TimeControl "180+2"]
[Date "2023.06.07"]
[WhiteClock "0:00:01"]
[BlackClock "0:01:58"]
[Board "52"]

1. d4 Nf6 2. g4 h6 3. Bg2 d5 4. h3 c5 5. c4 cxd4 6. cxd5 Nxd5 7. Qxd4 e6 8. Bxd5 exd5 9. Nc3 Be6 10. Nf3 Nc6 11. Qa4 d4 12. Nb5 Bb4+ 13. Kf1 O-O 14. a3 Bc5 15. Bf4 Bb6 16. Rd1 Bd5 17. Rg1 Re8 18. g5 h5 19. g6 f6 20. Nbxd4 Nxd4 21. Nxd4 Qc8 22. Rg3 Re4 23. Be3 h4 24. Rf3 Re5 25. Rf4 Qxh3+ 26. Ke1 Rxe3 27. fxe3 Qxe3 28. Rf2 Re8 29. Rd2 h3 30. Nf3 Qxf2+ 0-1


[Site "https://www.chess.com"]

[Event "Titled Tuesday Blitz June 6 Late 2023"]
[White "benny_aizenberg"]
[Black "Jimenez Almeida, Luis David"]
[BlackFideId "22242244"]
[WhiteElo "2714"]
[BlackElo "2245"]
[Result "1-0"]
[Round "4"]
[TimeControl "180+2"]
[Date "2023.06.07"]
[WhiteClock "0:00:17"]
[BlackClock "0:00:12"]
[Board "53"]

1. d4 g6 2. e4 Bg7 3. Nc3 c5 4. dxc5 Qa5 5. Ne2 Nf6 6. Ng3 Qxc5 7. Be3 Qb4 8. a3 Qa5 9. Bc4 d6 10. f3 a6 11. Qd2 O-O 12. Bh6 b5 13. Bb3 b4 14. Nd5 Nxd5 15. Bxg7 Kxg7 16. Bxd5 Ra7 17. Qd4+ e5 18. Qxa7 bxa3+ 19. Kf2 Qd2+ 20. Ne2 axb2 21. Rab1 Nd7 22. Rxb2 Nc5 23. Qb6 f5 24. Qb4 Nxe4+ 25. Bxe4 Qxb4 26. Rxb4 fxe4 27. Rxe4 Bf5 28. Ra4 Rc8 29. c3 Rc6 30. Rha1 Bd3 31. Ke3 Bb5 32. Kd2 d5 33. Ra5 h5 34. Nc1 e4 35. fxe4 dxe4 36. Nb3 Rf6 37. Ke3 Rd6 38. Nd4 Bd3 39. Rc5 Rf6 40. Rc7+ Kh6 41. Rc6 Rf8 42. Raxa6 Bxa6 43. Rxa6 Rc8 44. Ne2 Rc4 45. Re6 Kg5 46. Rxe4 Rc6 47. Re5+ Kg4 48. h3+ Kh4 49. Re4+ Kg5 50. h4+ Kf5 51. Nd4+ 1-0


[Site "https://www.chess.com"]

[Event "Titled Tuesday Blitz June 6 Late 2023"]
[White "Wagner, Dennis"]
[Black "D`Arruda, Ricardo D."]
[WhiteFideId "24650684"]
[BlackFideId "100692"]
[WhiteElo "2478"]
[BlackElo "2535"]
[Result "1-0"]
[Round "4"]
[TimeControl "180+2"]
[Date "2023.06.07"]
[WhiteClock "0:00:04"]
[BlackClock "0:00:13"]
[Board "54"]

1. d4 Nf6 2. Nf3 g6 3. c4 d6 4. Nc3 Bg7 5. e4 O-O 6. Be2 Bg4 7. Be3 Bxf3 8. Bxf3 e5 9. d5 Nbd7 10. g4 Ne8 11. h4 h6 12. Qd2 Kh7 13. O-O-O a5 14. Kb1 Nc5 15. Ne2 Qe7 16. Ng3 c6 17. h5 g5 18. Nf5 Qc7 19. dxc6 Qxc6 20. Nxd6 Rd8 21. Qd5 Rxd6 22. Qxc5 Rf6 23. Qxc6 bxc6 24. Be2 Nd6 25. c5 Nb7 26. Rd7 Rb8 27. Rhd1 Bf8 28. Rc1 Kg8 29. b3 Re6 30. Ba6 Re7 31. Rxe7 Bxe7 32. Kb2 a4 33. b4 Nd8 34. Kc3 a3 35. Bc4 Kf8 36. Rb1 Ne6 37. Bxe6 fxe6 38. Rb3 Ra8 39. Bc1 Rd8 40. Rxa3 Rd4 41. f3 Rd1 42. Be3 Rf1 43. Kd3 Rxf3 44. Ra8+ Kf7 45. a4 Rf1 46. a5 Ra1 47. a6 Ra3+ 48. Ke2 Ra2+ 49. Bd2 Ra3 50. Kd1 Ra2 51. Bc3 Bd8 52. Rxd8 Rxa6 53. Rd7+ Kf6 54. Rd6 Ra3 55. Kc2 Ra2+ 56. Kb3 Ra4 57. Kxa4 1-0


[Site "https://www.chess.com"]

[Event "Titled Tuesday Blitz June 6 Late 2023"]
[White "Gokerkan, Cem Kaan"]
[Black "Eggink, Ryszard"]
[WhiteFideId "6336760"]
[BlackFideId "1125869"]
[WhiteElo "2365"]
[BlackElo "2283"]
[Result "1-0"]
[Round "4"]
[TimeControl "180+2"]
[Date "2023.06.07"]
[WhiteClock "0:00:11"]
[BlackClock "0:00:05"]
[Board "55"]

1. d4 Nf6 2. Nf3 e6 3. Bf4 c5 4. e3 b6 5. Nbd2 Bb7 6. Bd3 Be7 7. h3 O-O 8. c3 Nc6 9. Qe2 d6 10. O-O Qc7 11. Bh2 e5 12. Rac1 Rfe8 13. e4 Bf8 14. dxe5 dxe5 15. Ba6 Bxa6 16. Qxa6 Nh5 17. Rfd1 Nf4 18. Nf1 Qc8 19. Qxc8 Raxc8 20. Rc2 Rcd8 21. Rcd2 Rxd2 22. Rxd2 f6 23. Ne3 Rd8 24. Nd5 Nxd5 25. exd5 Ne7 26. c4 Nf5 27. a4 Nd4 28. Ne1 g5 29. Kf1 h5 30. f3 Bh6 31. Bg1 g4 32. Rd3 f5 33. hxg4 hxg4 34. fxg4 Rf8 35. Bxd4 cxd4 36. gxf5 Be3 37. g4 e4 38. Rxe3 dxe3 39. Ke2 Kg7 40. Kxe3 Kf6 41. Kxe4 Re8+ 42. Kf4 Rxe1 43. g5+ Ke7 44. b4 Rf1+ 45. Ke5 Re1+ 46. Kd4 Rd1+ 47. Ke5 Re1+ 48. Kd4 Ra1 49. f6+ Kf7 50. c5 bxc5+ 51. bxc5 Rxa4+ 52. Ke5 Ra1 53. c6 Re1+ 54. Kf5 Rf1+ 55. Ke5 Rc1 56. d6 Re1+ 57. Kf5 Rf1+ 58. Ke5 Re1+ 59. Kd5 Rd1+ 60. Kc5 Rc1+ 61. Kb5 Ke6 62. d7 Rd1 63. Ka6 Ra1+ 64. Kb7 Rb1+ 65. Kc8 1-0


[Site "https://www.chess.com"]

[Event "Titled Tuesday Blitz June 6 Late 2023"]
[White "Hristodoulou, Panagiotis"]
[Black "Tanenbaum, Zachary"]
[WhiteFideId "4214340"]
[BlackFideId "2060850"]
[WhiteElo "2272"]
[BlackElo "2207"]
[Result "0-1"]
[Round "4"]
[TimeControl "180+2"]
[Date "2023.06.07"]
[WhiteClock "0:00:06"]
[BlackClock "0:00:04"]
[Board "56"]

1. e4 e5 2. Nf3 Nc6 3. Bc4 Nf6 4. d3 Be7 5. O-O O-O 6. Re1 d6 7. a4 Be6 8. Nbd2 a5 9. h3 Nd7 10. c3 Bg5 11. Nxg5 Qxg5 12. Nf3 Qe7 13. Bb5 Na7 14. Bxd7 Qxd7 15. d4 exd4 16. Nxd4 Nc6 17. Bf4 Kh8 18. Qc2 Ne5 19. Rad1 Qe7 20. Nf5 Qf6 21. Bg3 Bxf5 22. exf5 Rfe8 23. Re2 Re7 24. Rde1 Rae8 25. Kf1 b6 26. Qe4 Ng6 27. Qc6 Ne5 28. Bxe5 dxe5 29. Qxf6 gxf6 30. Rd1 Kg7 31. Red2 e4 32. Rd4 Re5 33. g4 b5 34. Ke2 Rb8 35. b3 bxa4 36. bxa4 Rb2+ 37. R1d2 Rb3 38. Rc4 Ra3 39. Ke3 c5 40. Re2 Rb3 41. Kf4 Rd5 42. Rexe4 Rd3 43. f3 Rdxc3 44. Rxc3 Rxc3 45. h4 Rb3 46. g5 Rb4 47. Ke3 c4 48. Kd2 Rxa4 49. Kc3 Ra3+ 50. Kxc4 Rxf3 0-1


[Site "https://www.chess.com"]

[Event "Titled Tuesday Blitz June 6 Late 2023"]
[White "Ozer, Omer Faruk"]
[Black "Principe, Alexander"]
[WhiteFideId "6354564"]
[BlackFideId "3804542"]
[WhiteElo "2260"]
[BlackElo "2203"]
[Result "0-1"]
[Round "4"]
[TimeControl "180+2"]
[Date "2023.06.07"]
[WhiteClock "0:00:18"]
[BlackClock "0:00:11"]
[Board "57"]

1. d4 Nf6 2. c4 g6 3. Nc3 Bg7 4. e4 O-O 5. f3 d6 6. Be3 c5 7. d5 Qa5 8. Qd2 e6 9. Bd3 exd5 10. cxd5 a6 11. Nge2 b5 12. O-O Nbd7 13. a4 b4 14. Nd1 Ne5 15. Nf2 Nxd3 16. Nxd3 Nd7 17. Bh6 Bxh6 18. Qxh6 c4 19. Ndf4 Ne5 20. Ng3 Qc7 21. Nfe2 Qa7+ 22. Kh1 Nd3 23. f4 f5 24. exf5 Bxf5 25. Nxf5 Rxf5 26. Ng3 Rf7 27. f5 Nf2+ 28. Rxf2 Qxf2 29. fxg6 hxg6 30. Qxg6+ Rg7 31. Qe6+ Qf7 32. Qxd6 Rf8 33. Qxb4 Qxd5 34. Rc1 Rf2 35. Qxc4 Qxc4 36. Rxc4 Rxb2 37. Rc8+ Kh7 38. Rc1 Rg4 39. a5 Rg5 40. Kg1 Rxa5 41. Rc7+ Kg6 42. Rc6+ Kf7 43. Rc7+ Ke6 44. Rc6+ Kd7 45. Rg6 Ra1+ 46. Nf1 Rbb1 47. Rf6 Ke7 48. Rf2 a5 49. h4 a4 50. h5 a3 51. h6 Rxf1+ 52. Rxf1 Rxf1+ 53. Kxf1 a2 54. Kf2 a1=Q 55. Kg3 Qh8 56. Kg4 Kf6 57. Kh5 Qh7 58. g4 Qg6+ 59. Kh4 Qxh6+ 60. Kg3 Qg5 0-1


[Site "https://www.chess.com"]

[Event "Titled Tuesday Blitz June 6 Late 2023"]
[White "Rosen, Eric"]
[Black "Rios Escobar, Adan"]
[WhiteFideId "2032562"]
[BlackFideId "3403645"]
[WhiteElo "2331"]
[BlackElo "2484"]
[Result "1-0"]
[Round "4"]
[TimeControl "180+2"]
[Date "2023.06.07"]
[WhiteClock "0:00:17"]
[BlackClock "0:00:04"]
[Board "58"]

1. d4 Nf6 2. Bf4 b6 3. Nf3 Bb7 4. c4 g6 5. Nc3 Bg7 6. Qc2 d6 7. e4 Nbd7 8. Rd1 c5 9. d5 O-O 10. Be2 Ng4 11. O-O a6 12. h3 Nge5 13. Nd2 e6 14. Bg3 exd5 15. exd5 f5 16. f4 Nf7 17. Nf3 h6 18. Bh4 Nf6 19. Bd3 Qd7 20. Rfe1 Rae8 21. a3 Nh5 22. Qd2 Rxe1+ 23. Rxe1 Re8 24. Rf1 Bc8 25. Bc2 b5 26. Kh2 Nxf4 27. Qxf4 g5 28. Qd2 b4 29. axb4 cxb4 30. Ba4 bxc3 31. Bxd7 cxd2 32. Bxe8 gxh4 33. Bxf7+ Kxf7 34. Rd1 Bxb2 35. Rxd2 Bc3 36. Rc2 Bb4 37. Nxh4 Kf6 38. Nf3 a5 39. Ra2 Bd7 40. Nd4 Ke5 41. Nc6+ Bxc6 42. dxc6 Ke6 43. Re2+ Kf7 44. c7 f4 45. c8=Q f3 46. gxf3 Kf6 47. Qe6+ Kg7 48. Rg2+ Kh7 49. Qg8# 1-0


[Site "https://www.chess.com"]

[Event "Titled Tuesday Blitz June 6 Late 2023"]
[White "Seletsky, Grigory"]
[Black "Matinian, Nikita"]
[WhiteFideId "14112191"]
[BlackFideId "24129100"]
[WhiteElo "2491"]
[BlackElo "2422"]
[Result "0-1"]
[Round "4"]
[TimeControl "180+2"]
[Date "2023.06.07"]
[WhiteClock "0:00:20"]
[BlackClock "0:01:06"]
[Board "59"]

1. e4 g6 2. d4 d6 3. c4 Bg7 4. Nc3 Nc6 5. Be3 e5 6. Nge2 exd4 7. Nxd4 Nge7 8. Be2 O-O 9. O-O f5 10. exf5 Bxd4 11. Bxd4 Nxf5 12. Be3 Nxe3 13. fxe3 Rxf1+ 14. Qxf1 Be6 15. Qf4 Qe7 16. Rf1 Re8 17. Rf3 Ne5 18. Rg3 Rf8 19. Qh6 Qf7 20. h4 Bxc4 21. Bxc4 Qxc4 22. Qg5 Qf1+ 23. Kh2 Qf5 24. Nd5 Qxg5 25. hxg5 c6 26. Nf6+ Kg7 27. Rh3 h5 28. Kg3 Nc4 29. b3 Nxe3 30. Rh1 d5 31. Re1 d4 32. b4 Rd8 33. Kf4 Nxg2+ 0-1


[Site "https://www.chess.com"]

[Event "Titled Tuesday Blitz June 6 Late 2023"]
[White "Jaracz, Pawel"]
[Black "Van Dael, Siem"]
[WhiteFideId "1102222"]
[BlackFideId "1049771"]
[WhiteElo "2454"]
[BlackElo "2336"]
[Result "1-0"]
[Round "4"]
[TimeControl "180+2"]
[Date "2023.06.07"]
[WhiteClock "0:00:11"]
[BlackClock "0:00:03"]
[Board "60"]

1. e4 c5 2. Nf3 d6 3. d4 cxd4 4. Nxd4 Nf6 5. Nc3 a6 6. Be2 e6 7. O-O Be7 8. f4 O-O 9. Kh1 Qc7 10. Be3 Nc6 11. Qe1 Nxd4 12. Bxd4 e5 13. Be3 b5 14. a3 Bb7 15. Bd3 Rfe8 16. Qd2 Rad8 17. Rae1 d5 18. fxe5 Nxe4 19. Bxe4 dxe4 20. Qf2 Qc4 21. Qg3 Bf8 22. h3 Re6 23. Rf4 Rg6 24. Qf2 Re8 25. Rf1 Re7 26. Kh2 Rd7 27. g4 Qe6 28. Rf5 b4 29. axb4 Bxb4 30. Ne2 Qc4 31. Nf4 Rc6 32. c3 Bf8 33. e6 Rxe6 34. Nxe6 Qxe6 35. Kg1 f6 36. g5 Be7 37. h4 Rd3 38. Qf4 Qc8 39. gxf6 Bxf6 40. Rf2 Rd1+ 41. Kh2 Re1 42. Rxf6 gxf6 43. Rg2+ Kf7 44. Bd4 Qe6 45. Qc7+ Qe7 46. Rg7+ Kxg7 47. Qxe7+ Kg8 48. Qxb7 Re2+ 49. Kg3 Re1 50. Kf2 Rb1 51. Bxf6 e3+ 52. Kxe3 Re1+ 53. Kd2 Rg1 54. Qd7 Rg2+ 55. Ke3 Rg3+ 56. Kf4 Rg6 57. Qe8# 1-0


[Site "https://www.chess.com"]

[Event "Titled Tuesday Blitz June 6 Late 2023"]
[White "Jovic, Stanoje"]
[Black "Korchmar, Vasiliy"]
[WhiteFideId "905020"]
[BlackFideId "24131750"]
[WhiteElo "2236"]
[BlackElo "2370"]
[Result "1-0"]
[Round "4"]
[TimeControl "180+2"]
[Date "2023.06.07"]
[WhiteClock "0:00:09"]
[BlackClock "0:00:01"]
[Board "61"]

1. c4 c6 2. e4 d5 3. exd5 cxd5 4. cxd5 Nf6 5. Qa4+ Nbd7 6. Bc4 a6 7. d3 g6 8. Nf3 Bg7 9. O-O O-O 10. Qa3 Nb6 11. Qb3 Nfxd5 12. Nc3 Nxc3 13. bxc3 Bg4 14. Nd4 e5 15. Nc2 Nxc4 16. dxc4 Qc7 17. Ne3 Be2 18. Re1 Bd3 19. Ba3 Rfe8 20. Nd5 Qc6 21. Ne7+ Rxe7 22. Bxe7 Bxc4 23. Qa3 Bd5 24. Qd6 Bxg2 25. Qxc6 Bxc6 26. Rad1 e4 27. c4 Bc3 28. Re3 Be5 29. Rd8+ Rxd8 30. Bxd8 f5 31. Bb6 Kf7 32. Re1 Ke6 33. Rd1 Bf6 34. Bc7 g5 35. Bd8 f4 36. Bxf6 Kxf6 37. Rd6+ Ke5 38. Rh6 e3 39. fxe3 fxe3 40. Rxh7 Kd4 41. Re7 g4 42. Kf1 Bf3 43. Ke1 Kxc4 44. Rxe3 b5 45. h4 Kd4 46. Ra3 1-0


[Site "https://www.chess.com"]

[Event "Titled Tuesday Blitz June 6 Late 2023"]
[White "Kleiman, Jake"]
[Black "QuiesPrecatio"]
[WhiteFideId "2020041"]
[WhiteElo "2674"]
[BlackElo "2450"]
[Result "1-0"]
[Round "4"]
[TimeControl "180+2"]
[Date "2023.06.07"]
[WhiteClock "0:00:07"]
[BlackClock "0:00:08"]
[Board "62"]

1. e4 c6 2. Nc3 d5 3. Nf3 dxe4 4. Nxe4 Nf6 5. Qe2 Nxe4 6. Qxe4 Be6 7. c4 Nd7 8. d4 Nf6 9. Qc2 Bg4 10. Be3 Bxf3 11. gxf3 e6 12. O-O-O Qa5 13. Kb1 Be7 14. Rg1 g6 15. h3 O-O-O 16. Rg5 Qc7 17. Qa4 b6 18. Rg1 c5 19. Be2 Kb8 20. Rd2 cxd4 21. Bxd4 e5 22. Bc3 Rxd2 23. Bxd2 Bc5 24. Rd1 Rd8 25. Bg5 Rxd1+ 26. Qxd1 Nd7 27. Qd5 f6 28. Bc1 Qd6 29. Qg8+ Nf8 30. Qf7 Qe7 31. Qd5 Qe6 32. Qd8+ Kb7 33. Bd3 f5 34. Be3 Nd7 35. Qh8 Bxe3 36. fxe3 Qe7 37. a3 Nc5 38. Bc2 a5 39. Kc1 a4 40. Kd2 Qd7+ 41. Ke2 e4 42. f4 Qe7 43. Qd4 Qh4 44. Qd5+ Kc7 45. Qe5+ Kc8 46. Qe8+ Kb7 47. Qf7+ Ka6 48. Qc7 Qh5+ 49. Kd2 Qxh3 50. Qc8+ Ka7 51. Qc7+ Nb7 52. Bxa4 Qg2+ 53. Kc1 Qg1+ 54. Kc2 Qf2+ 55. Kb1 Qf1+ 56. Ka2 Qd3 57. Bb5 Qd6 58. Qxh7 Qc5 59. Qxg6 Qxe3 60. Qxf5 Qd4 61. Qe5 Qxe5 62. fxe5 Nc5 63. Kb1 e3 64. Kc2 e2 65. Kd2 Nd3 66. Kxe2 Nxe5 67. Ke3 Nf7 68. Kd4 Nd6 69. Kd5 Nb7 70. b4 Kb8 71. Kc6 Nd8+ 72. Kxb6 Ne6 73. c5 Nd4 74. a4 Ne6 75. Bc4 Nd4 76. c6 Nc2 77. c7+ 1-0


[Site "https://www.chess.com"]

[Event "Titled Tuesday Blitz June 6 Late 2023"]
[White "Veiga, Jose Francisco R P Neves"]
[Black "Dzierzak, Radoslaw"]
[WhiteFideId "1930087"]
[BlackFideId "1161407"]
[WhiteElo "2319"]
[BlackElo "2166"]
[Result "1-0"]
[Round "4"]
[TimeControl "180+2"]
[Date "2023.06.07"]
[WhiteClock "0:00:52"]
[BlackClock "0:00:04"]
[Board "63"]

1. e4 c6 2. Nf3 d5 3. Nc3 Bg4 4. h3 Bxf3 5. Qxf3 e6 6. Be2 Nd7 7. d4 dxe4 8. Nxe4 Ngf6 9. Nxf6+ Nxf6 10. c3 Qd5 11. O-O Qxf3 12. Bxf3 Bd6 13. b3 Nd5 14. Bb2 O-O 15. c4 Nf4 16. Rad1 Rfd8 17. h4 h5 18. g3 Ng6 19. Bxh5 Ne7 20. Bf3 g6 21. Kg2 Rac8 22. Rfe1 b6 23. h5 g5 24. Be4 f5 25. Bb1 Kf7 26. h6 Ng6 27. h7 f4 28. Bxg6+ Kxg6 29. Rxe6+ Kxh7 30. Rh1+ Kg8 31. d5 cxd5 32. cxd5 fxg3 33. Rg6+ Kf7 34. Rg7+ Ke8 35. Rh8+ Bf8 36. Ba3 Rc5 37. Bxc5 bxc5 38. Kxg3 Rxd5 39. Rxa7 Rf5 40. Ra8+ Ke7 41. Rhxf8 Rxf8 42. Rxf8 Kxf8 43. Kg4 1-0


[Site "https://www.chess.com"]

[Event "Titled Tuesday Blitz June 6 Late 2023"]
[White "Romero Ruscalleda, Josep"]
[Black "Blohberger, Felix"]
[WhiteFideId "2231859"]
[BlackFideId "1632051"]
[WhiteElo "2183"]
[BlackElo "2435"]
[Result "0-1"]
[Round "4"]
[TimeControl "180+2"]
[Date "2023.06.07"]
[WhiteClock "0:02:11"]
[BlackClock "0:01:51"]
[Board "64"]

1. e4 e5 2. Nf3 Nc6 3. Bc4 Nf6 4. d4 exd4 5. e5 d5 6. Bb5 Ne4 7. Nxd4 Bd7 8. Bxc6 bxc6 9. O-O Bc5 10. Be3 O-O 11. Nd2 Nxd2 12. Qxd2 Bb6 13. Bg5 Qe8 14. Rfe1 Kh8 15. Re3 c5 16. Ne2 d4 17. Rh3 Bxh3 0-1


[Site "https://www.chess.com"]

[Event "Titled Tuesday Blitz June 6 Late 2023"]
[White "Prieto Aranguren, Alain"]
[Black "Ehlvest, Jaan"]
[WhiteFideId "2268906"]
[BlackFideId "4500016"]
[WhiteElo "2209"]
[BlackElo "2442"]
[Result "1-0"]
[Round "4"]
[TimeControl "180+2"]
[Date "2023.06.07"]
[WhiteClock "0:01:28"]
[BlackClock "0:00:39"]
[Board "65"]

1. d4 Nf6 2. c4 e6 3. Nc3 c5 4. d5 exd5 5. cxd5 d6 6. Bf4 g6 7. e3 Bg7 8. Nf3 O-O 9. h3 Re8 10. Be2 Na6 11. O-O Nc7 12. a4 a6 13. Bc4 Rb8 14. a5 b5 15. axb6 Rxb6 16. Qd2 Ne4 17. Nxe4 Rxe4 18. b3 Bxa1 19. Rxa1 Qf6 20. Rd1 Bd7 21. Qa5 Rb7 22. Bg5 Qb2 23. Bd8 Nb5 24. Qxa6 Ra7 25. Qb6 Ra2 26. Rf1 Nc3 27. Qxd6 Be8 28. Bg5 Nd1 29. Bh6 1-0


[Site "https://www.chess.com"]

[Event "Titled Tuesday Blitz June 6 Late 2023"]
[White "Gerbelli Neto, Eduardo"]
[Black "Najer, Evgeniy"]
[WhiteFideId "2103281"]
[BlackFideId "4118987"]
[WhiteElo "2178"]
[BlackElo "2545"]
[Result "0-1"]
[Round "4"]
[TimeControl "180+2"]
[Date "2023.06.07"]
[WhiteClock "0:00:01"]
[BlackClock "0:00:27"]
[Board "66"]

1. e4 c6 2. d4 d5 3. exd5 cxd5 4. c4 Nf6 5. Nc3 Nc6 6. Nf3 a6 7. cxd5 Nxd5 8. Bd3 Bg4 9. Qb3 Bxf3 10. gxf3 Ndb4 11. Be4 e6 12. Be3 Qd7 13. d5 exd5 14. Nxd5 Nxd5 15. Qxd5 Bb4+ 16. Ke2 Qe7 17. Rad1 O-O 18. Rhg1 Rad8 19. Qg5 Qxg5 20. Rxg5 Rxd1 21. Kxd1 g6 22. Rd5 f5 23. Bc2 Kg7 24. Rd7+ Rf7 25. Bh6+ Kf6 26. Bg5+ Ke6 27. Rxf7 Kxf7 28. Bb3+ Kg7 29. Be3 Bd6 30. h3 Be5 31. Kc2 Kf6 32. a3 Nd4+ 33. Bxd4 Bxd4 34. Bd5 b6 35. b4 Kg5 0-1


[Site "https://www.chess.com"]

[Event "Titled Tuesday Blitz June 6 Late 2023"]
[White "Rodriguez Santiago, Jaime"]
[Black "Papp, Levente"]
[WhiteFideId "3100898"]
[BlackFideId "751243"]
[WhiteElo "2025"]
[BlackElo "2380"]
[Result "0-1"]
[Round "4"]
[TimeControl "180+2"]
[Date "2023.06.07"]
[WhiteClock "0:00:04"]
[BlackClock "0:00:43"]
[Board "67"]

1. d4 e6 2. c4 b6 3. Nc3 Bb7 4. Bf4 Nf6 5. e3 Bb4 6. Rc1 O-O 7. Nf3 Ne4 8. Bd3 f5 9. h4 d6 10. a3 Bxc3+ 11. bxc3 Nd7 12. Ng5 Qe8 13. Bxe4 Bxe4 14. f3 Bb7 15. d5 Nc5 16. O-O e5 17. Bg3 Ba6 18. Rf2 h6 19. Ne6 Nxe6 20. dxe6 Qxe6 21. Rd2 Bxc4 22. Qa4 Kh7 23. h5 Bd5 24. e4 fxe4 25. fxe4 Bb7 26. Rcd1 Qg4 27. Rd3 Qxh5 28. Qd7 Bxe4 29. R3d2 Qg6 30. Bh2 Rf7 31. Qb5 Raf8 0-1


[Site "https://www.chess.com"]